 Dungeon Crawl Stone Soup version 0.16-a0-3639-gab560df (webtiles) character file.

49975 Xoff the Thaumaturge (level 14, -13/103 HPs)
             Began as a Mummy Wizard on Jan 14, 2015.
             Was the Champion of Sif Muna.
             Engulfed by a cloud of flame (31 damage)
             ... on level 11 of the Dungeon on Jan 15, 2015.
             The game lasted 03:53:50 (35315 turns).

Xoff the Thaumaturge (Mummy Wizard)                Turns: 35315, Time: 03:53:51

Health: -13/103    AC: 14    Str: 10    XL:     14   Next: 18%
Magic:  32/41      EV: 13    Int: 21    God:    Sif Muna [******]
Gold:   1369       SH:  4    Dex: 10    Spells: 10 memorised, 3 levels left

rFire  x . .     SeeInvis .     a - +7 rapier (flame)
rCold  + . .     Clarity  .     A - +2 leather armour of Reankog {Noisy Regen+ rCorr}
rNeg   + + +     SustAb   .     F - +0 buckler
rPois  ∞         Gourm    .     B - +2 helmet
rElec  .         Spirit   .     D - +1 cloak
rCorr  +         Warding  .     E - +0 pair of gloves
rMut   .         Stasis   .     C - +1 pair of boots {Fly}
MR     +....                    e - amulet of resist corrosion
Stlth  +.........               f - ring of wizardry
                                g - ring of magical power

@: flying, repel missiles, somewhat resistant to hostile enchantments, very
unstealthy
A: no food or potions, fire vulnerability, in touch with death, restore body,
cold resistance 1, negative energy resistance 3, poison resistance, torment
resistance, unbreathing
a: Self-Restoration, Channel Energy, Forget Spell, Renounce Religion, Stop
Flying


You were on level 11 of the Dungeon.
You worshipped Sif Muna.
Sif Muna was exalted by your worship.
You were not hungry.

You visited 3 branches of the dungeon, and saw 21 of its levels.
You also visited: Bailey and Volcano.

You collected 1369 gold pieces.

Inventory:

Hand weapons
 a - a +7 rapier of flaming (weapon)
 b - a +3 spear of freezing
 c - a +4 dagger of chaos
 d - a +2 short sword of venom
 x - a +2 halberd of electrocution
 y - a +2 halberd of electrocution
 z - a +0 halberd of electrocution
 G - a +0 halberd of electrocution
 H - a +2 antimagic mace
 P - the +9 bardiche "Jellyslayer" {freeze, -Cast +Rage +Inv rF- rN+ Dex+2, unknown}
   (You found it on level 13 of the Dungeon)

   It has been specially enchanted to freeze those struck by it, causing extra
   injury to most foes and up to half again as much damage against particularly
   susceptible opponents.
   It can also slow down cold-blooded creatures.
   It affects your dexterity (+2).
   It makes you vulnerable to fire.
   It protects you from negative energy.
   It lets you turn invisible.
   It lets you go berserk.
   It prevents spellcasting.
Missiles
 t - 21 arrows of flame
 u - 216 arrows
 v - 6 arrows of frost
 w - 67 tomahawks of returning (quivered)
Armour
 A - the +2 leather armour of Reankog (worn) {Noisy Regen+ rCorr}
   (You found it on level 9 of the Dungeon)

   It may make noises in combat.
   It increases your rate of regeneration.
   It protects you from acid and corrosion.
 B - a +2 helmet (worn)
 C - a +1 pair of boots of flying (worn)
 D - a +1 cloak (worn)
 E - a +0 pair of gloves (worn)
 F - a +0 buckler (worn)
 I - a shadow dragon hide
Jewellery
 e - an amulet of resist corrosion (around neck)
 f - a ring of wizardry (right hand)
 g - a ring of magical power (left hand)
 h - an uncursed ring of see invisible
 i - an uncursed ring of ice
 N - an uncursed ring of stealth
Magical devices
 o - a wand of teleportation (6)
 p - a wand of confusion (31)
 q - a wand of disintegration (11)
 r - a wand of digging (5)
 s - a wand of heal wounds (5)
 J - a wand of lightning (6)
 M - a wand of magic darts (17)
Scrolls
 j - a scroll of fear
 l - 3 scrolls of fog
 m - a scroll of blinking
 n - 4 scrolls of teleportation
 K - a scroll of amnesia
Books
 O - Sif Muna's Tome of Destructive Flames
   (Sif Muna gifted it to you on level 13 of the Dungeon)

   Spells                             Type                      Level
   a - Throw Flame                    Conjuration/Fire             2
   b - Inner Flame                    Hexes/Fire                   3
   c - Bolt of Magma                  Conjuration/Fire/Earth       5
   d - Delayed Fireball               Conjuration/Fire             7
Miscellaneous
 k - a sack of spiders
 L - a plain deck of defence


   Skills:
 + Level 7.3 Fighting
 - Level 2.1 Short Blades
 - Level 5.0 Armour
 + Level 6.5 Dodging
 - Level 1.5 Stealth
 - Level 3.0 Shields
 * Level 10.5 Spellcasting
 * Level 6.9 Conjurations
 - Level 2.0 Charms
 + Level 5.9 Summonings
 - Level 2.0 Translocations
 - Level 3.0 Transmutations
 - Level 5.1 Fire Magic
 * Level 6.2 Air Magic
 + Level 3.8 Poison Magic
 - Level 5.0 Invocations
 + Level 6.6 Evocations


You had 3 spell levels left.
You knew the following spells:

 Your Spells              Type           Power        Failure   Level  Hunger
a - Magic Dart            Conj           ####         1%          1    N/A
b - Blink                 Tloc           N/A          1%          2    N/A
c - Conjure Flame         Conj/Fire      #####...     1%          3    N/A
d - Mephitic Cloud        Conj/Pois/Air  ####....     1%          3    N/A
e - Repel Missiles        Chrm/Air       ####..       1%          2    N/A
f - Call Imp              Summ           #####...     1%          2    N/A
g - Irradiate             Conj/Trmt      ####......   10%         5    N/A
h - Shadow Creatures      Summ           N/A          7%          5    N/A
i - Poisonous Cloud       Conj/Pois/Air  ####......   58%         6    N/A
j - Swiftness             Chrm/Air       ####....     1%          2    N/A

Dungeon Overview and Level Annotations

Branches:
Dungeon (13/15)            Temple (1/1) D:4            Lair (7/8) D:10
  Swamp (0/5) Lair:4        Snake (0/5) Lair:5          Orc (0/4) D:12
  Slime: Lair:6-8    Vaults: D:13-14

Altars:
Ashenzari
Cheibriados
Dithmenos
Elyvilon
Fedhas
Gozag
Kikubaaqudgha
Makhleb
Nemelex Xobeh
Okawaru
Qazlal
Ru
Sif Muna
Trog
Vehumet
Xom
Yredelemnul
Zin
The Shining One


Innate Abilities, Weirdness & Mutations

You do not eat or drink.
Your flesh is vulnerable to fire.
You are in touch with the powers of death.
You can restore your body by infusing magical energy.
Your flesh is cold resistant.
You are immune to negative energy.
Your system is resistant to poisons.
You are immune to unholy pain and torment.
You can survive without breathing.


Message History

The fire burns you terribly!
You puncture the red ugly thing! You burn the red ugly thing.
The red ugly thing is heavily wounded.
The red ugly thing is engulfed in roaring flames.
The red ugly thing punches you but does no damage.
You hit the red ugly thing.
The red ugly thing is severely wounded.
The red ugly thing is engulfed in roaring flames.
The red ugly thing punches you!
You are engulfed in flames!!
The fire burns you terribly!
* * * LOW HITPOINT WARNING * * *
Casting: Conjure Flame
Confirm with . or Enter, or press ? or * to list all spells.
You blink.
The red ugly thing is engulfed in roaring flames.
The red ugly thing barely misses you.
Casting: Blink
Confirm with . or Enter, or press ? or * to list all spells.
You blink.
You are engulfed in roaring flames.
You die...

###.o.#### ### #....#
8##...##8###8##### ######'#### #
........)........# #........### #
........u........# #........'.# #
.....o...........###........#.###
8##...##8###8#...#§'........#...†
###...########..[#u#........#####
#8...8#..>.....o§§#........# #
##...##........@############ #
#...##.........#
##...##.........#
#8...8#.######### ##...##.#
#......# ########


You could see a red ugly thing and an orc priest.

Vanquished Creatures
  A centaur warrior (D:13)
  3 hydras
  4 death yaks (Lair:6)
  A catoblepas (Lair:6)
  Erolcha (D:8)
  Pikel (D:8)
  4 hill giants
  An orc knight (Volcano)
  2 ugly things (D:11)
  7 elephants
  6 black mambas
  2 cyclopes (D:11)
  Joseph (D:8)
  A gargoyle (D:12)
  2 kobold demonologists (D:12)
  Psyche (D:8)
  8 spiny frogs
  A centaur skeleton (D:12)
  5 komodo dragons
  A fire drake (D:10)
  A slime creature (D:12)
  Prince Ribbit (D:5)
  A troll (D:10)
  A deep elf mage (D:10)
  A wraith (D:10)
  2 wyverns
  3 basilisks
  17 blink frogs
  36 yaks
  A human (D:8)
  A hog (D:8)
  A steam dragon (Lair:4)
  Grum (D:12)
  18 wolves
  7 hippogriffs
  4 vampire mosquitoes (Lair:4)
  3 hungry ghosts
  2 nagas (Lair:5)
  4 ice beasts
  A warg (D:12)
  3 sky beasts
  18 water moccasins
  2 wasps
  2 slaves (D:8)
  3 phantoms
  9 porcupines
  6 ogres
  A black bear (D:7)
  17 orc warriors
  25 centaurs
  The ghost of Stone the Bolt Thrower, an average OpAM (D:4)
  12 crocodiles
  4 big kobolds
  16 giant frogs
  A wyvern zombie (D:8)
  A wyvern skeleton (D:9)
  6 scorpions
  3 killer bees (D:9)
  9 wights
  2 giant frog zombies
  3 goliath beetles
  2 jellies
  2 electric eels
  5 crimson imps
  A giant frog skeleton (D:5)
  9 orc priests
  A centaur zombie (D:12)
  Crazy Yiuf (D:3)
  14 hounds
  14 iguanas
  20 orc wizards
  20 sheep
  13 worker ants
  A killer bee zombie (D:6)
  2 hound skeletons
  A hound zombie (D:6)
  Robin (D:2)
  53 river rats
  17 gnolls
  27 adders
  A shadow imp (D:5)
  2 worms
  2 adder zombies (D:5)
  A giant gecko (D:4)
  53 orcs
  17 bats
  A bat skeleton (D:5)
  A bat zombie (D:5)
  31 hobgoblins
  14 jackals
  19 quokkas
  A ball python (D:1)
  6 giant cockroaches
  2 giant newts
  A giant spore (D:11)
  27 goblins
  A jackal skeleton (D:4)
  40 kobolds
  An orc zombie (D:5)
  18 rats
  2 ballistomycetes (D:11)
  4 fungi
752 creatures vanquished.

Vanquished Creatures (collateral kills)
  A cyclops (D:12)
  A spiny frog (Lair:2)
  3 fire drakes
  3 centaurs (D:12)
  A giant frog (Lair:2)
  A crimson imp (D:5)
  An adder (Lair:7)
  An orc (D:7)
12 creatures vanquished.

Vanquished Creatures (others)
  A slime creature (D:12)
  A water moccasin (Lair:7)
  A crocodile (Lair:5)
  3 crimson imps
  An adder (Lair:7)
  2 shadow imps (Lair:2)
  4 white imps
  A bat (D:8)
  9 fungi
  3 plants
26 creatures vanquished.

Grand Total: 790 creatures vanquished

Notes
Turn   | Place    | Note
--------------------------------------------------------------
     0 | D:1      | Xoff, the Mummy Wizard, began the quest for the Orb.
     0 | D:1      | Reached XP level 1. HP: 13/13 MP: 4/4
   188 | D:1      | Reached skill level 1 in Conjurations
   375 | D:1      | Reached XP level 2. HP: 18/20 MP: 4/6
  1366 | D:1      | Learned a level 2 spell: Blink
  1924 | D:1      | Reached XP level 3. HP: 25/25 MP: 4/8
  1930 | D:1      | Learned a level 3 spell: Conjure Flame
  1934 | D:1      | Learned a level 3 spell: Mephitic Cloud
  3869 | D:1      | Reached skill level 1 in Fighting
  4153 | D:2      | Noticed Robin
  4315 | D:2      | Reached XP level 4. HP: 32/32 MP: 1/10
  4471 | D:2      | Killed Robin
  4578 | D:2      | Reached skill level 1 in Armour
  5896 | D:3      | Reached skill level 1 in Translocations
  6074 | D:3      | Noticed a centaur
  6157 | D:3      | Reached XP level 5. HP: 37/37 MP: 8/12
  6186 | D:3      | Learned a level 2 spell: Repel Missiles
  6426 | D:3      | Killed a centaur
  6426 | D:3      | Reached skill level 4 in Spellcasting
  6426 | D:3      | Reached skill level 1 in Fire Magic
  6426 | D:3      | Reached skill level 1 in Air Magic
  6426 | D:3      | Reached skill level 1 in Poison Magic
  6715 | D:3      | Noticed Crazy Yiuf
  6724 | D:3      | Killed Crazy Yiuf
  6902 | D:4      | Reached XP level 6. HP: 43/43 MP: 6/15
  7022 | D:4      | Noticed Stone's ghost (average OpAM)
  7320 | D:4      | Killed Stone's ghost
  7941 | D:4      | Found a burning altar of Makhleb.
  8054 | D:4      | Found a staircase to the Ecumenical Temple.
  8072 | Temple   | Entered the Ecumenical Temple
  8196 | Temple   | Became a worshipper of Sif Muna the Loreminder
  8252 | Temple   | Learned a level 2 spell: Call Imp
  8350 | D:4      | Reached skill level 1 in Charms
  8755 | D:5      | Entered Level 5 of the Dungeon
  8897 | D:5      | Noticed Prince Ribbit
  8926 | D:5      | Killed Prince Ribbit
  8926 | D:5      | Reached XP level 7. HP: 49/51 MP: 1/17
  9240 | D:5      | Reached skill level 1 in Invocations
  9473 | D:4      | Reached skill level 1 in Summonings
  9793 | D:5      | Acquired Sif Muna's first power
 10107 | D:5      | Reached XP level 8. HP: 57/57 MP: 9/19
 10770 | D:6      | Reached skill level 1 in Evocations
 10990 | D:6      | Reached skill level 5 in Spellcasting
 11394 | D:6      | Reached skill level 1 in Shields
 11446 | D:6      | Found a bloodstained altar of Trog.
 12207 | D:7      | Acquired Sif Muna's second power
 12390 | D:7      | Reached XP level 9. HP: 64/64 MP: 10/21
 12892 | D:7      | Reached skill level 6 in Spellcasting
 13127 | D:8      | Noticed Joseph
 13142 | D:8      | Killed Joseph
 13388 | D:8      | Noticed Pikel
 13472 | D:8      | Killed Pikel
 13520 | D:8      | Reached XP level 10. HP: 60/71 MP: 19/24
 13542 | D:8      | Noticed Psyche
 13550 | D:8      | Killed Psyche
 13699 | D:8      | Noticed Erolcha
 13714 | D:8      | Killed Erolcha
 13935 | D:8      | Reached skill level 7 in Spellcasting
 14365 | D:8      | Acquired Sif Muna's third power
 14933 | D:9      | Found a radiant altar of Vehumet.
 15341 | D:9      | Got an ancient leather armour
 15932 | D:9      | Identified the +2 leather armour of Reankog {Noisy Regen+ rCorr} (You found it on level 9 of the Dungeon)
 16037 | D:9      | Noticed an eight-headed hydra
 16083 | D:9      | Killed an eight-headed hydra
 16213 | D:10     | Entered Level 10 of the Dungeon
 16213 | D:10     | Noticed a hill giant
 16228 | D:10     | Killed a hill giant
 16228 | D:10     | Reached XP level 11. HP: 45/78 MP: 10/26
 16637 | D:10     | Found a staircase to the Lair.
 16993 | D:10     | Noticed a hill giant
 16998 | D:10     | Killed a hill giant
 17762 | D:10     | Reached skill level 5 in Fighting
 17815 | D:11     | Reached skill level 8 in Spellcasting
 18708 | D:11     | Noticed a hill giant
 18724 | D:11     | Killed a hill giant
 18823 | D:11     | Reached skill level 5 in Dodging
 19438 | Lair:1   | Entered Level 1 of the Lair of Beasts
 19659 | Lair:1   | Found a dark tunnel.
 19664 | Volcano  | Entered a volcano
 19878 | Volcano  | Got a smoking fire dragon armour
 20287 | Lair:1   | Noticed an eight-headed hydra
 20574 | Lair:1   | Reached skill level 5 in Conjurations
 20577 | Lair:1   | Reached skill level 5 in Invocations
 20657 | Lair:1   | Reached XP level 12. HP: 67/86 MP: 23/28
 20741 | Lair:1   | Killed an eight-headed hydra
 20756 | Lair:1   | Identified the cursed -7 fire dragon armour of the Bulwark {+Fly rF++ rC-} (You found it in a volcano)
 21170 | Lair:1   | Received a gift from Sif Muna
 21171 | Lair:1   | Identified Sif Muna's Catalogue of Summoning (Sif Muna gifted it to you on level 1 of the Lair of Beasts)
 21919 | Lair:2   | Reached skill level 5 in Fire Magic
 21925 | Lair:2   | Reached skill level 5 in Evocations
 21938 | Lair:2   | Reached skill level 5 in Air Magic
 22613 | Lair:2   | Reached skill level 9 in Spellcasting
 23099 | Lair:2   | Reached skill level 5 in Summonings
 23166 | Lair:2   | Upgraded the game from 0.16-a0-3634-g7a4f397 to 0.16-a0-3639-gab560df
 24345 | Lair:3   | Got a slimy leather armour
 24379 | Lair:3   | Learned a level 5 spell: Irradiate
 25120 | Lair:4   | Reached skill level 1 in Transmutations
 25320 | Lair:4   | Identified the +0 leather armour of Disaster {Contam +Fly rC+ rN+ MR++ rCorr} (You found it on level 3 of the Lair of Beasts)
 25926 | Lair:4   | Noticed a four-headed hydra
 25931 | Lair:4   | Killed a four-headed hydra
 25995 | Lair:4   | Reached XP level 13. HP: 73/94 MP: 24/30
 26135 | Lair:4   | Received a gift from Sif Muna
 26136 | Lair:4   | Identified Sif Muna's Catalogue of Creative Arcane Weapons (Sif Muna gifted it to you on level 4 of the Lair of Beasts)
 26716 | Lair:4   | Found a staircase to the Swamp.
 27139 | Lair:4   | Learned a level 5 spell: Shadow Creatures
 28000 | Lair:5   | Found a staircase to the Snake Pit.
 29582 | Temple   | Learned a level 6 spell: Poisonous Cloud
 30439 | Lair:6   | Reached skill level 1 in Short Blades
 30469 | Lair:6   | Reached skill level 10 in Spellcasting
 31847 | Lair:7   | Reached skill level 5 in Armour
 33093 | Temple   | Learned a level 2 spell: Swiftness
 33450 | D:12     | Found a flagged portal.
 33536 | Bailey   | Entered a bailey
 34049 | D:12     | Found a staircase to the Orcish Mines.
 34296 | D:12     | Reached XP level 14. HP: 103/103 MP: 32/32
 34573 | D:12     | Noticed Grum
 34583 | D:12     | Killed Grum
 34888 | D:13     | Received a gift from Sif Muna
 34889 | D:13     | Identified Sif Muna's Tome of Destructive Flames (Sif Muna gifted it to you on level 13 of the Dungeon)
 34894 | D:13     | Got an encrusted bardiche
 35315 | D:11     | Engulfed by a cloud of flame

Action                   |  1- 3 |  4- 6 |  7- 9 | 10-12 | 13-15 || total
-------------------------+-------+-------+-------+-------+-------++-------
Melee: Whip              |    28 |    23 |    70 |   458 |       ||   579
       Short sword       |    42 |    11 |    15 |       |       ||    68
       Hand axe          |       |    23 |       |    31 |       ||    54
       Staff             |       |    78 |   218 |       |       ||   296
       Dagger            |       |       |       |    38 |       ||    38
       Spear             |       |       |       |   250 |    35 ||   285
       Rapier            |       |       |       |   153 |   478 ||   631
       Unarmed           |       |       |       |       |     2 ||     2
 Cast: Magic Dart        |    98 |   143 |   231 |   398 |   268 ||  1138
       Mephitic Cloud    |     1 |    11 |    41 |    69 |    44 ||   166
       Blink             |     1 |     2 |       |     4 |     3 ||    10
       Conjure Flame     |       |    16 |    79 |   205 |   126 ||   426
       Repel Missiles    |       |     1 |     1 |     1 |     5 ||     8
       Call Imp          |       |       |     6 |    20 |     2 ||    28
       Shadow Creatures  |       |       |       |       |     9 ||     9
       Irradiate         |       |       |       |       |     9 ||     9
       Poisonous Cloud   |       |       |       |       |     9 ||     9
Invok: Channel Energy    |       |       |   220 |   457 |   353 ||  1030
 Abil: Evoke Flight      |       |       |       |       |     1 ||     1
Evoke: Wand              |       |       |    10 |     4 |     3 ||    17
  Use: Scroll            |       |    10 |     5 |     9 |     6 ||    30
 Stab: Confused          |       |     4 |    10 |    11 |     9 ||    34
       Sleeping          |       |       |     2 |     2 |     1 ||     5
